 Dungeon Crawl Stone Soup version 0.27.1-2-g3b301248ec (webtiles) character file.

Game seed: 4692600206077660236

1347 pancakes the Ducker (level 8, 38/63 HPs)
             Began as a Djinni Hedge Wizard on Sept 26, 2021.
             Was an Initiate of Dithmenos.
             Quit the game on level 3 of the Dungeon.
             The game lasted 00:39:21 (7091 turns).

pancakes the Ducker (Djinni Hedge Wizard)           Turns: 7091, Time: 00:39:22

Health: 38/63      AC:  9    Str: 14 (15) XL:     8   Next: 94%
Gold:   298        EV: 14    Int: 18 (19) God:    Dithmenos [......] SH:  5 Dex: 16

rFire    + + .     SeeInvis .   x - +2 dagger (venom)
rCold    x . .     Faith    +   s - +0 buckler
rNeg     . . .     Spirit   .   m - +3 leather armour
rPois    ∞         Reflect  .   w - +0 helmet
rElec    .         Harm     .   B - +0 cloak
rCorr    .         Rampage  .   (no gloves)
Will     .....                  (boots unavailable)
Stlth    ++........             z - amulet of faith
HPRegen  0.20/turn              k - +6 ring of strength
MPRegen  0.00/turn              (no ring)

@: flying
A: sickness immunity, fire resistance 2, cold vulnerability 1, float, innate
caster, hp casting, extra vitality 1, agile 1, clever 1, robust 1, shaggy fur 1
a: Renounce Religion


You were on level 3 of the Dungeon.
You worshipped Dithmenos.
Dithmenos was noncommittal.
You visited 1 branch of the dungeon, and saw 5 of its levels.

You collected 298 gold pieces.

Inventory:

Hand Weapons
 a - a +0 dagger
 e - a +0 club
 i - a +0 mace
 l - a +0 short sword
 p - a +0 hunting sling
 t - a +0 whip of electrocution
 x - a +2 dagger of venom (weapon)
 A - a +2 quarterstaff of chaos
 C - a +0 mace
Missiles
 f - 63 arrows
 g - 137 stones
 j - 23 bolts
 r - 30 sling bullets
 y - 7 poisoned darts (quivered)
Armour
 b - a +0 robe
 c - a +0 hat
 m - a +3 leather armour (worn)
 s - a +0 buckler (worn)
 w - a +0 helmet (worn)
 B - a +0 cloak (worn)
Jewellery
 k - a +6 ring of strength (left hand)
 z - an amulet of faith (around neck)
Wands
 v - a wand of flame (9)
Potions
 D - a potion of attraction


   Skills:
 * Level 4.6 Fighting
 * Level 4.2 Armour
 * Level 5.3 Dodging
 - Level 1.5 Stealth
 * Level 4.0 Shields
 * Level 4.3 Spellcasting


You couldn't memorise any spells.
You knew the following spells:

 Your Spells              Type           Power      Damage    Failure   Level
a - Summon Small Mammal   Summ           76%        N/A       3%          1
b - Blink                 Tloc           N/A        N/A       4%          2
c - Call Imp              Summ           19%        N/A       4%          2
d - Mephitic Cloud        Conj/Pois/Air  19%        N/A       9%          3
e - Conjure Flame         Conj/Fire      19%        6-21      9%          3
f - Poisonous Vapours     Pois/Air       38%        N/A       4%          2
g - Slow                  Hex            19%        N/A       4%          2
h - Passwall              Tmut/Erth      15%        N/A       4%          2
s - Magic Dart            Conj           76%        1d6       3%          1
Your spell library was empty.

Dungeon Overview and Level Annotations

Branches:
Dungeon (5/15)
 Temple: D:4-7

Altars:
Dithmenos
Elyvilon
Fedhas
Hepliaklqana
Trog
Yredelemnul


Innate Abilities, Weirdness & Mutations

You are immune to sickness and miasma.
You are immune to poison.
Your flesh is very heat resistant. (rF++)
You are vulnerable to cold. (rC-)
You float through the air rather than walking.
You learn spells naturally, not from books.
Your magical power is your life essence.
You have superior vitality. (+4 HP)
You are agile. (Dex +2)
Your mind is acute. (Int +2)
You are robust. (+10% HP)
You are covered in fur. (AC +1)


Message History

y - 7 poisoned darts (gained 1) Search for what [? for help]? altar
Items here: ! )) [ ÷÷÷.
There is a stone staircase leading up here.
You fly upwards.
There is a stone staircase leading down here.
You see here a +0 club.
Things that are here:
a +0 animal skin; a +0 hand axe You see here a +0 giant club.
There is an open door here.
There is an open door here.
There is a stone staircase leading up here.
You fly upwards.
There is a stone staircase leading down here.
There is an open door here.
There is a hazy altar of Hepliaklqana here.
Unknown command.
Press < or > to pray at altars.
No target in view!
You hover solemnly before the altar of Hepliaklqana.
Unknown command.
Press < or > to pray at altars.
Unknown command.
Press < or > to pray at altars.
Unknown command.
Press < or > to pray at altars.
Search for what [Enter for "altar", or ? for help]? altar
There is an open door here.
There is an open gate here.
There is an open gate here.
There is a shadowy altar of Dithmenos here.
You hover solemnly before the altar of Dithmenos.
You have lost your religion!
Elyvilon does not appreciate desertion for evil!
Dithmenos welcomes you!
Your amulet flashes!
There is an open gate here.
There is an open gate here.
Are you sure you want to abandon this character and quit the game? (Confirm with "yes".)

#.# ######### #..##.# #
#.######.# ####..##.# #
.....##..# #.....##.# #
...#.##.## #)....##.# #
.....##.# ######'''###### #
###.###.# #...'.....'...# #
#.###.###._.'.≈≈≈.'._.# #
#.......#...'.....'...#########
#..###########@''######........
###..# #.............##########
.)...# #.########...## ###..#
#.# ##.## #..#####.#########.#
#..................#
###.<..)...###########
..#.....##.# ..........>#


There were no monsters in sight!

Vanquished Creatures
  Pikel (D:4)
  Sigmund (D:5)
  An ogre (D:4)
  A phantom (D:4)
  A centaur (D:5)
  3 lemures (D:3)
  A scorpion (D:4)
  A jelly (D:5)
  Crazy Yiuf (D:3)
  A hound (D:4)
  5 iguanas
  Natasha (thrice) (D:3)
  An orc wizard (D:5)
  Robin (D:3)
  3 gnolls (D:5)
  7 adders
  An ufetubus (D:4)
  3 worms
  2 dart slugs
  An orc (D:4)
  4 bats
  5 endoplasms
  2 giant cockroaches
  16 goblins
  10 hobgoblins
  5 jackals
  3 quokkas
  5 ball pythons
  2 frilled lizards
  10 kobolds
  7 rats
108 creatures vanquished.

Vanquished Creatures (collateral kills)
  A bullfrog zombie (D:5)
1 creature vanquished.

Vanquished Creatures (others)
  A hobgoblin (D:3)
  2 fungi (D:1)
  5 plants (D:1)
8 creatures vanquished.

Grand Total: 117 creatures vanquished

Notes
Turn   | Place    | Note
-------+----------+-------------------------------------------
     0 | D:1      | pancakes the Djinni Hedge Wizard began the quest for the
                  | Orb.
     0 | D:1      | Reached XP level 1. HP: 15/15 MP: 0/0
   432 | D:1      | Reached skill level 1 in Fighting
   432 | D:1      | Reached XP level 2. HP: 14/22 MP: 0/0
   768 | D:1      | Found a faded altar of an unknown god.
   771 | D:1      | Became a worshipper of Elyvilon the Healer
   771 | D:1      | Reached * piety under Elyvilon
  1279 | D:2      | Reached XP level 3. HP: 10/28 MP: 0/0
  1279 | D:2      | Learned a level 1 spell: Summon Small Mammal
  1687 | D:2      | Reached ** piety under Elyvilon
  1776 | D:2      | Reached skill level 1 in Armour
  1776 | D:2      | Reached XP level 4. HP: 27/33 MP: 0/0
  2589 | D:3      | Found a hazy altar of Hepliaklqana.
  3086 | D:3      | Noticed Robin
  3096 | D:3      | Reached skill level 3 in Dodging
  3116 | D:3      | Killed Robin
  3117 | D:3      | Reached XP level 5. HP: 4/38 MP: 0/0
  3117 | D:3      | Learned a level 2 spell: Passwall
  3654 | D:3      | Found a shadowy altar of Dithmenos.
  3672 | D:3      | Found a blossoming altar of Fedhas.
  3830 | D:3      | Reached skill level 1 in Shields
  3857 | D:3      | Noticed Natasha
  3861 | D:3      | Killed Natasha
  3927 | D:3      | Found a runed translucent door.
  3928 | D:3      | Noticed Crazy Yiuf
  4198 | D:3      | Killed Crazy Yiuf
  4199 | D:3      | Reached XP level 6. HP: 43/45 MP: 0/0
  4259 | D:3      | Noticed Natasha
  4271 | D:3      | Killed Natasha
  4452 | D:3      | Noticed Natasha
  4456 | D:3      | Killed Natasha
  4555 | D:4      | Noticed Pikel
  4873 | D:4      | Noticed an ogre
  4884 | D:4      | Killed an ogre
  4918 | D:4      | Reached XP level 7. HP: 24/50 MP: 0/0
  4918 | D:4      | Learned a level 2 spell: Poisonous Vapours
  5228 | D:4      | Found a basalt altar of Yredelemnul.
  5273 | D:4      | Reached *** piety under Elyvilon
  5275 | D:4      | Found a bloodstained altar of Trog.
  5363 | D:4      | Reached skill level 4 in Dodging
  5603 | D:4      | Killed Pikel
  5604 | D:4      | Reached XP level 8. HP: 24/58 MP: 0/0
  5729 | D:5      | Entered Level 5 of the Dungeon
  5810 | D:4      | Gained mutation: You are occasionally teleported next to
                  | monsters. [potion of mutation]
  5810 | D:4      | Gained mutation: You have supernaturally acute eyesight.
                  | (SInv) [potion of mutation]
  5898 | D:4      | Lost mutation: You are occasionally teleported next to
                  | monsters. [potion of mutation]
  5898 | D:4      | Lost mutation: You have supernaturally acute eyesight.
                  | (SInv) [potion of mutation]
  5898 | D:4      | Gained mutation: Your mind is acute. (Int +2) [potion of
                  | mutation]
  5898 | D:4      | Gained mutation: You are covered in fur. (AC +1) [potion of
                  | mutation]
  5898 | D:4      | Gained mutation: You are robust. (+10% HP) [potion of
                  | mutation]
  5898 | D:4      | Gained mutation: You are agile. (Dex +2) [potion of
                  | mutation]
  6612 | D:5      | Reached skill level 5 in Dodging
  6613 | D:5      | Noticed Sigmund
  6628 | D:5      | Killed Sigmund
  7086 | D:3      | Fell from the grace of Elyvilon
  7086 | D:3      | Became a worshipper of Dithmenos the Shadowed
  7091 | D:3      | Quit the game

Illustrated notes

Levels and vault maps discovered:
D:1:      lemuel_arrival_lava_pool, layout_loops_ring,
          shapermc_ecumenical_altar_mp_ritualfount
D:2:      layout_rooms, grunt_ministairs_11, interstate_on_off
D:3:      layout_loops_ring, mainiacjoe_overflow_big_doors,
          mainiacjoe_overflow_surrounded_room, amcnicky_mini_corridor_feature,
          kennysheep_generic_room_3, uniq_robin, uniq_crazy_yiuf_cottage,
          uniq_natasha
D:4:      layout_basic, trog_butcher_becter, lemuel_round_altar, uniq_pikel
D:5:      layout_basic, minmay_temple_entry_tees, uniq_sigmund

Skill      XL: |  1  2  3  4  5  6  7  8 |
---------------+-------------------------+-----
Fighting       | 1 2 3 4 |  4.6
Armour         | 1 2 3 4 |  4.2
Dodging        | 3 4 5 |  5.3
Spellcasting   | 3 4 |  4.3
Shields        | 1 2 3 4 |  4.0
Stealth        | |  1.5

Action                   |  1- 3 |  4- 6 |  7- 9 || total
-------------------------+-------+-------+-------++-------
Melee: Dagger            |    16 |    80 |   127 ||   223
 Fire: Hunting sling     |       |     9 |       ||     9
Throw: Dart              |       |       |    10 ||    10
       Stone             |       |       |    12 ||    12
 Cast: Magic Dart        |    70 |   100 |    11 ||   181
       Slow              |     2 |       |     2 ||     4
       Summon Small Mamm |     1 |       |     3 ||     4
       Conjure Flame     |       |     4 |     4 ||     8
       Mephitic Cloud    |       |     7 |    10 ||    17
       Blink             |       |     2 |     1 ||     3
       Poisonous Vapours |       |       |     7 ||     7
Evoke: Wand              |       |    15 |       ||    15
  Use: Scroll            |       |       |     6 ||     6
       Potion            |       |       |     5 ||     5
 Stab: Confused          |       |     2 |     1 ||     3
       Sleeping          |       |       |     1 ||     1
Armor: Leather armour    |    12 |    26 |    28 ||    66
       Skin              |       |       |     2 ||     2
Dodge: Dodged            |    22 |    56 |    76 ||   154
